 Dungeon Crawl Stone Soup version 0.29-a0-416-g83a48905f1 (webtiles) character file.

Game seed: 6330254125238472081

32 powerkranz the Cutter (level 3, 24/24 HPs)
             Began as a Kobold Berserker on May 5, 2022.
             Was a Follower of Trog.
             Quit the game on level 2 of the Dungeon on May 16, 2022.
             The game lasted 00:02:36 (1523 turns).

powerkranz the Cutter (Kobold Berserker)            Turns: 1523, Time: 00:02:37

Health: 24/24      AC:  2    Str: 14    XL:     3   Next: 45%
Magic:  3/3        EV: 15    Int:  8    God:    Trog [*.....]
Gold:   56         SH:  0    Dex: 16    Spells: 2/2 levels left

rFire   . . .      SeeInvis .   a - +0 short sword
rCold   . . .      Faith    .   (no shield)
rNeg    . . .      Spirit   .   b - +0 animal skin
rPois   .          Reflect  .   (no helmet)
rElec   .          Harm     .   (no cloak)
rCorr   .          Rampage  .   (no gloves)
Will    .....                   (no boots)
Stlth   +++.......              (no amulet)
HPRegen 0.08/turn               (no ring)
MPRegen 0.08/turn               (no ring)

@: no status effects
A: small, no large weapons, nightstalker 3
a: Renounce Religion, Berserk


You were on level 2 of the Dungeon.
You worshipped Trog.
Trog was aware of your devotion.
You visited 1 branch of the dungeon, and saw 2 of its levels.

You collected 56 gold pieces.

Inventory:

Hand Weapons
 a - a +0 short sword (weapon)
Armour
 b - a +0 animal skin (worn)
Jewellery
 k - a ring of positive energy
Scrolls
 d - a scroll of identify {unknown}
 e - 2 scrolls of teleportation {unknown}
 h - a scroll of amnesia {unknown}
 i - a scroll of poison {unknown}
Potions
 c - a potion of ambrosia {unknown}
 f - a potion of degeneration {unknown}
 g - a potion of cancellation {unknown}
 j - a potion of brilliance {unknown}


   Skills:
 + Level 3.7 Fighting
 + Level 4.6 Short Blades
 + Level 1.7 Armour
 + Level 2.9 Dodging
 + Level 0.8 Stealth


You had 2 spell levels left.
You didn't know any spells.
Your spell library was empty.

Dungeon Overview and Level Annotations

Branches:
Dungeon (2/15)

Altars:
Ashenzari


Innate Abilities, Weirdness & Mutations

You are small and have problems with some larger weapons.
You are completely attuned to the shadows.


Message History

You hit the quokka.
You kill the quokka!
Trog accepts your kill.
You see here a quokka corpse.
j - an inky potion A goblin comes into view.
It is wielding a +0 club.
A goblin is nearby!
A goblin is nearby!
A goblin is nearby!
Found an onyx ring.
Found a robe.
The helpless goblin fails to defend itself.
You puncture the goblin!
You kill the goblin!
Trog accepts your kill.
k - a ring of positive energy
Okay, then.
Things that are here:
a +0 club; a goblin corpse You now have 56 gold pieces (gained 16).
Found a whip.
Found a stone staircase leading down and a stone staircase leading up.
You see here a +0 robe.
Found a broken altar of Ashenzari.
A giant cockroach comes into view.
A giant cockroach is nearby!
A giant cockroach is nearby!
A giant cockroach is nearby!
A giant cockroach is nearby!
Welcome back, powerkranz the Kobold Berserker.
Trog says: Kill them all!
Press ? for a list of commands and other information.
Welcome back, powerkranz the Kobold Berserker.
Trog says: Kill them all!
Press ? for a list of commands and other information.
Saving game... please wait.
Welcome back, powerkranz the Kobold Berserker.
Trog says: Kill them all!
Press ? for a list of commands and other information.
Are you sure you want to abandon this character and quit the game? (Confirm with "yes".)

##########
.....#.....
...........
...........
.........B.
......@.....
......>....<.
.........)...
.._.........#
............#
.....##.[.#.#
.##.####..#.#
#.#####..)#
..........####


You could see a giant cockroach (asleep).

Vanquished Creatures
  A ball python (D:1)
  3 bats
  2 endoplasms (D:1)
  A giant cockroach (D:1)
  6 goblins
  2 hobgoblins (D:1)
  3 jackals (D:1)
  2 kobolds (D:1)
  3 quokkas
  A frilled lizard (D:1)
  A rat (D:1)
25 creatures vanquished.

Vanquished Creatures (others)
  3 fungi (D:1)
  5 plants (D:1)
8 creatures vanquished.

Grand Total: 33 creatures vanquished

Notes
Turn   | Place    | Note
-------+----------+-------------------------------------------
     0 | D:1      | powerkranz the Kobold Berserker began the quest for the
                  | Orb.
     0 | D:1      | Reached XP level 1. HP: 14/14 MP: 1/1
   540 | D:1      | Found a faded altar of an unknown god.
   554 | D:1      | Reached XP level 2. HP: 19/19 MP: 2/2
   909 | D:1      | Reached XP level 3. HP: 23/23 MP: 3/3
  1513 | D:2      | Found a broken altar of Ashenzari.
  1522 | D:2      | Upgraded the game from 0.29-a0-380-gf50f0a9fbc to
                  | 0.29-a0-416-g83a48905f1
  1523 | D:2      | Quit the game

Illustrated notes

Levels and vault maps discovered:
D:1:      ebering_hopf_link, layout_rooms,
          shapermc_ecumenical_altar_mp_ritualfount
D:2:      layout_rooms, basic_altar

Action                   || total
-------------------------++-------
Melee: Short sword       ||    82
Invok: Berserk           ||     1
 Stab: Sleeping          ||     8
Armor: Animal skin       ||    13
Dodge: Dodged            ||    70

Table legend: (Time is in decaauts)
 A = Elapsed time spent in this place.
 B = Non-inter-level travel time spent in this place.
 C = Inter-level travel time spent in this place.
 D = Time resting spent in this place.
 E = Time spent auto-exploring this place.
 F = Levels seen in this place.
 G = Mean time per level.
                   A        B        C        D        E       F      G
               +--------+--------+--------+--------+--------+-----+--------+
         Total |   1523 |   1523 |      0 |    476 |    805 |   2 |  761.5 |
       Dungeon |   1523 |   1523 |      0 |    476 |    805 |   2 |  761.5 |
               +--------+--------+--------+--------+--------+-----+--------+

Top non-repeatable levels by time:
     D:1: 1387 daAuts
     D:2: 135 daAuts
